 Dungeon Crawl Stone Soup version 0.30-a0-162-g2ba88f6271 (webtiles) character file.

Game seed: 9301586258421544054

120 Essalna the Trooper (level 4, -1/37 HPs)
             Began as a Demonspawn Berserker on Sept 28, 2022.
             Was a Believer of Trog.
             Slain by a gnoll
             ... wielding a +0 club
              (6 damage)
             ... on level 3 of the Dungeon.
             The game lasted 00:02:59 (1701 turns).

Essalna the Trooper (Demonspawn Berserker)          Turns: 1701, Time: 00:02:59

Health: -1/37      AC:  6    Str: 19    XL:     4   Next: 75%
Magic:  4/4        EV: 10    Int:  8    God:    Trog [**....]
Gold:   71         SH:  0    Dex: 13    Spells: 3/3 levels left

rFire   . . .      SeeInvis .    a - +0 hand axe
rCold   . . .      Faith    .    (no shield)
rNeg    . . .      Spirit   .    c - +0 scale mail
rPois   .          Reflect  .    (no helmet)
rElec   .          Harm     .    (no cloak)
rCorr   .          Rampage  .    (no gloves)
Will    .....                    (no boots)
Stlth   ..........               (no amulet)
HPRegen 0.12/turn                (no ring)
MPRegen 0.09/turn                (no ring)

@: no status effects
A: hooves 1, powered by pain 1, weakness stinger 1
a: Renounce Religion, Berserk, Trog's Hand


You were on level 3 of the Dungeon.
You worshipped Trog.
Trog was pleased with you.
You visited 1 branch of the dungeon, and saw 4 of its levels.

You collected 71 gold pieces.

Inventory:

Hand Weapons
 a - a +0 hand axe (weapon)
Armour
 b - a +0 animal skin
 c - a +0 scale mail (worn)
Scrolls
 f - a scroll of enchant weapon {unknown}
 h - a scroll of amnesia {unknown}
 i - a scroll of enchant armour {unknown}
 j - a scroll of magic mapping {unknown}
 k - a scroll of identify {unknown}
 l - a scroll of teleportation
Potions
 d - a potion of heal wounds {unknown}
 e - a potion of mutation {unknown}
 g - a potion of magic {unknown}


   Skills:
 + Level 4.0 Fighting
 + Level 3.6 Axes
 + Level 2.9 Armour
 - Level 1.7 Dodging


You had 3 spell levels left.
You didn't know any spells.
Your spell library was empty.

Dungeon Overview and Level Annotations

Branches:
Dungeon (4/15)             Temple (0/1) D:4

Altars:
Cheibriados

Shops:
D:1 (   D:4 [


Innate Abilities, Weirdness & Mutations

You have large cloven feet.
You sometimes gain a little power by taking damage.
You have a small tail.


Message History

A dart slug and 2 gnolls come into view.
A gnoll is wielding a +0 vorpal flail and quivering poisoned darts.
The gnoll shouts! x2; You hear a bark!
The gnoll throws a poisoned dart.
The poisoned dart hits you.
You are poisoned.
You hear a shout!
A jackal comes into view.
You feel sick.
The jackal barks!
A rat comes into view.
You feel sick. The gnoll hits you with a +0 club.
You closely miss the gnoll. You kick the gnoll. You tail-slap the gnoll.
The gnoll is moderately wounded.
You feel sick. The gnoll hits you with a +0 club!
You are too injured to fight recklessly!
You are too injured to fight recklessly!
The gnoll attacks as you move away! The gnoll hits you with a +0 club.
You feel sick. The gnoll attacks as you move away!
The gnoll hits you with a +0 club.
* * * LOW HITPOINT WARNING * * *
You feel sick.
You are no longer poisoned.
The jackal attacks as you move away! The jackal bites you.
* * * LOW HITPOINT WARNING * * *
The jackal misses you. The jackal attacks as you move away!
The jackal bites you.
* * * LOW HITPOINT WARNING * * *
There is a stone staircase leading down here.
You can't go up here!
The jackal closely misses you.
You climb downwards.
There is a stone staircase leading up here.
The gnoll attacks as you move away! The gnoll hits you with a +0 club.
* * * LOW HITPOINT WARNING * * *
The jackal misses you.
You hit the jackal. Your kick misses the jackal.
The jackal is heavily wounded.
You hit the gnoll but do no damage. The jackal barely misses you.
The gnoll hits you with a +0 club.
You die...

##### # ######...# #
#......#'#
#####.######.#
......#####.[######
#####...##......@.# #
#.#.+...⌠..gh.# # #
#.####........# .#
#####.#####..######..#
#........###.#..?....#
+..........#'#...$....
#.........##....[....#
......................
#........####.........


You could see a gnoll and a jackal.

Vanquished Creatures
  An orc priest (D:3)
  An iguana (D:4)
  A white imp (D:4)
  3 dart slugs
  5 orcs (D:3)
  4 ball pythons
  5 bats
  4 endoplasms
  3 giant cockroaches
  3 goblins
  3 hobgoblins (D:1)
  8 kobolds
  4 frilled lizards
  2 rats (D:1)
47 creatures vanquished.

Notes
Turn   | Place    | Note
-------+----------+-------------------------------------------
     0 | D:1      | Essalna the Demonspawn Berserker began the quest for the
                  | Orb.
     0 | D:1      | Reached XP level 1. HP: 18/18 MP: 1/1
   214 | D:1      | Discovered your monstrous ancestry.
   214 | D:1      | Gained mutation: You have a small tail. [demonic ancestry]
   214 | D:1      | Reached XP level 2. HP: 13/24 MP: 2/2
   375 | D:1      | Found Huthror's Weapon Boutique.
   815 | D:1      | Gained mutation: You have large cloven feet. [demonic
                  | ancestry]
   815 | D:1      | Reached XP level 3. HP: 29/29 MP: 3/3
   941 | D:2      | You fall into a shaft and drop 2 floors!
   978 | D:4      | Found a staircase to the Ecumenical Temple.
   984 | D:4      | Reached ** piety under Trog
  1008 | D:4      | Found Zoentes's Antique Armour Boutique.
  1185 | D:3      | Gained mutation: You sometimes gain a little power by
                  | taking damage. [demonic ancestry]
  1185 | D:3      | Reached XP level 4. HP: 36/37 MP: 4/4
  1238 | D:3      | Found a snail-covered altar of Cheibriados.
  1266 | D:3      | Reached skill level 4 in Fighting
  1701 | D:3      | Slain by a gnoll

Illustrated notes

Levels and vault maps discovered:
D:1:      dreamdust_arrival_beginning_and_end, layout_loops_ring, serial_shops,
          nicolae_shop_window_shopping, minivault_27
D:2:      layout_rooms, ebering_ecumenical_altar_rust, uniq_jessica
D:3:      layout_basic, cheibriados_altar_1, gammafunk_ghost_smash,
          grunt_ministairs_14
D:4:      kennysheep_six_static_rooms, layout_cave_pods, temple_doors_e,
          serial_shops, nicolae_diamond_shop

Skill      XL: |  1  2  3  4 |
---------------+-------------+-----
Armour         | 2 |  2.9
Axes           | 3 |  3.6
Fighting       | 4 |  4.0
Dodging        | |  1.7

Action                   |  1- 3 |  4- 6 || total
-------------------------+-------+-------++-------
Melee: Hand axe          |    79 |    32 ||   111
       Tailslap          |     6 |     3 ||     9
       Kick              |     5 |     8 ||    13
  Use: Scroll            |     1 |       ||     1
Armor: Scale mail        |    27 |     9 ||    36
       Animal skin       |     1 |       ||     1
Dodge: Dodged            |    36 |    20 ||    56

Table legend: (Time is in decaauts)
 A = Elapsed time spent in this place.
 B = Non-inter-level travel time spent in this place.
 C = Inter-level travel time spent in this place.
 D = Time resting spent in this place.
 E = Time spent auto-exploring this place.
 F = Levels seen in this place.
 G = Mean time per level.
                   A        B        C        D        E       F      G
               +--------+--------+--------+--------+--------+-----+--------+
         Total |   1715 |   1657 |     58 |      0 |   1367 |   4 |  428.8 |
       Dungeon |   1715 |   1657 |     58 |      0 |   1367 |   4 |  428.8 |
               +--------+--------+--------+--------+--------+-----+--------+

Top non-repeatable levels by time:
     D:1: 944 daAuts
     D:3: 518 daAuts
     D:4: 220 daAuts
     D:2: 32 daAuts
